 Dungeon Crawl Stone Soup version 0.22-a0-283-g1871b15 (webtiles) character file.

180 vishdafish the Vexing (level 5, -6/53 HPs)
             Began as an Ogre Arcane Marksman on Mar 19, 2018.
             Was an Initiate of Yredelemnul.
             Mangled by p0werm0de's ghost (11 damage)
             ... on level 3 of the Dungeon.
             The game lasted 00:05:36 (3097 turns).

vishdafish the Vexing (Ogre Arcane Marksman)        Turns: 3097, Time: 00:05:37

Health: -6/53      AC:  3    Str: 14    XL:     5   Next: 60%
Magic:  9/9        EV: 10    Int: 14    God:    Yredelemnul [......]
Gold:   99         SH:  0    Dex: 10    Spells: 8/9 levels left

rFire    . . .     SeeInvis .   k - +0 long sword
rCold    . . .     Gourm    .   (no shield)
rNeg     . . .     Faith    .   a - +0 robe
rPois    .         Spirit   .   (helmet restricted)
rElec    .         Reflect  .   (no cloak)
rCorr    .         Harm     .   (gloves unavailable)
MR       .....                  (boots unavailable)
Stlth    +.........             (no amulet)
HPRegen  0.17/turn              (no ring)
MPRegen  0.11/turn              (no ring)

@: no status effects
A: large, unfitting armour, tough skin 1
a: Renounce Religion


You were on level 3 of the Dungeon.
You worshipped Yredelemnul.
Yredelemnul was noncommittal.
You were not hungry.

You visited 1 branch of the dungeon, and saw 3 of its levels.

You collected 99 gold pieces.

Inventory:

Hand Weapons
 e - a +0 dagger
 k - a +0 long sword (weapon)
Missiles
 d - 32 stones (quivered)
Armour
 a - a +0 robe (worn)
Wands
 m - a wand of random effects (38)
 n - a wand of enslavement (12)
Scrolls
 b - a scroll of remove curse {unknown}
 g - 4 scrolls of identify {unknown}
 h - a scroll of fear {unknown}
 j - a scroll of teleportation {unknown}
Potions
 l - a potion of ambrosia {unknown}
Comestibles
 f - 5 rations


   Skills:
 + Level 3.3 Fighting
 + Level 3.0 Throwing
 + Level 2.7 Dodging
 + Level 2.7 Spellcasting
 + Level 3.4 Hexes


You had 8 spell levels left.
You knew the following spells:

 Your Spells              Type           Power        Failure   Level  Hunger
a - Corona                Hex            ##.....      5%          1    #......


Dungeon Overview and Level Annotations

Branches:
Dungeon (3/15)

Altars:
Ashenzari
Dithmenos
Elyvilon
Nemelex Xobeh
Qazlal
Xom
Yredelemnul
Zin

Annotations:
D:3 p0werm0de's ghost, amateur DsWn


Innate Abilities, Weirdness & Mutations

You are too large for most types of armour.
You have tough skin. (AC +1)


Message History

P0werm0de's ghost is almost destroyed.
P0werm0de's ghost closely misses you.
You miss p0werm0de's ghost.
P0werm0de's ghost is almost destroyed.
P0werm0de's ghost hits you!
* * * LOW HITPOINT WARNING * * *
P0werm0de's ghost whispers, "The ORB doesn't exist."
P0werm0de's ghost hits you.
* * * LOW HITPOINT WARNING * * *
Throwing (i - inventory)
d - 32 stones (quivered)
Press: ? - help, Shift-Dir - straight line, f/p - p0werm0de's ghost
Aim: p0werm0de's ghost (almost destroyed)
Okay, then.
Evoke which item? (* to show all) (? for menu, Esc to quit)
Aiming: Random Effects
Press: ? - help, Shift-Dir - straight line, f/p - p0werm0de's ghost
Aim: p0werm0de's ghost (almost destroyed) P0werm0de's ghost seems to speed up.
P0werm0de's ghost hits you!
You die...
Your body rises from the dead as a mindless zombie.

....#.# #..(......<.............#
_.....####.##.#.##.####.####....#
....#..# #.#....##.# #.# ##.##.
....#..# #.#<.####.# #.# ##†###
...##..# #.#..# #.# #.####...#.
.####..###.#.[####.# #........##
...........#.....#.# ####..†..#.
####[..###.........# #......## #
##### ###..##@### #...##### #
#..##W# #...#_+.. # #..##.#
#...####. # #..##.# ##......#. #
#..##.((..###.......#. # ...
.......(........#.
.....(####.###...## ######## #.
##..## #. #..##


You could see p0werm0de's ghost.

Vanquished Creatures
  A centaur skeleton (D:3)
  Jessica (D:3)
  Ijyb (D:3)
  A worker ant (D:3)
  4 adders (D:2)
  3 worms
  2 leopard geckos
  4 giant cockroaches
  3 goblins
  5 hobgoblins
  3 bats
  4 frilled lizards
  4 kobolds
  5 rats
41 creatures vanquished.

Notes
Turn   | Place    | Note
-------+----------+-------------------------------------------
     0 | D:1      | vishdafish the Ogre Arcane Marksman began the quest for the Orb.
     0 | D:1      | Reached XP level 1. HP: 19/19 MP: 2/2
   333 | D:1      | Reached XP level 2. HP: 18/28 MP: 4/4
   755 | D:2      | Found a stormy altar of Qazlal.
   998 | D:2      | Reached XP level 3. HP: 35/35 MP: 5/5
  1126 | D:2      | Reached XP level 4. HP: 18/44 MP: 5/7
  1512 | D:2      | Found a basalt altar of Yredelemnul.
  1581 | D:2      | Became a worshipper of Yredelemnul the Dark
  1632 | D:2      | Found a shadowy altar of Dithmenos.
  1730 | D:2      | Found a shimmering altar of Xom.
  1732 | D:2      | Found a shimmering altar of Xom.
  1732 | D:2      | Found an ancient bone altar of Kikubaaqudgha.
  1734 | D:2      | Found a basalt altar of Yredelemnul.
  1734 | D:2      | Found a sparkling altar of Nemelex Xobeh.
  1734 | D:2      | Found a white marble altar of Elyvilon.
  2226 | D:3      | Found a shattered altar of Ashenzari.
  2286 | D:3      | Noticed Jessica
  2289 | D:3      | Killed Jessica
  2350 | D:3      | Noticed Ijyb
  2370 | D:3      | Killed Ijyb
  2370 | D:3      | Reached XP level 5. HP: 45/53 MP: 8/8
  2470 | D:3      | Noticed p0werm0de's ghost (amateur DsWn)
  2720 | D:3      | Found a glowing silver altar of Zin.
  3097 | D:3      | Mangled by p0werm0de's ghost

Vault maps used:
D:1:      mrwooster_arrival_statue
D:2:      kennysheep_six_static_rooms, doesnt_xom_only_xom,
          overflow_temple_1_default, old_standard_altar,
          grunt_dithmenos_smoke_and_mirrors
D:3:      ashenzari_conservatory_becter, old_standard_altar, fedhas_altar_2,
          uniq_jessica, uniq_ijyb, uniq_crazy_yiuf_cottage

Skill      XL: |  1  2  3  4  5 |
---------------+----------------+-----
Dodging        | 2 |  2.7
Fighting       | 2 3 |  3.3
Hexes          | 3 |  3.4
Spellcasting   | 2 |  2.7
Throwing       | 3 |  3.0

Action                   |  1- 3 |  4- 6 || total
-------------------------+-------+-------++-------
Melee: Dagger            |    49 |    50 ||    99
       Unarmed           |     5 |       ||     5
       Long sword        |       |    39 ||    39
Throw: Large rock        |    27 |    17 ||    44
       Throwing net      |     4 |       ||     4
       Stone             |       |    11 ||    11
       Tomahawk          |       |     9 ||     9
Evoke: Wand              |       |     1 ||     1
  Use: Potion            |     4 |     2 ||     6
 Stab: Held in net/web   |     1 |       ||     1
       Sleeping          |       |     1 ||     1
  Eat: Chunk             |       |     7 ||     7
Armor: Robe              |    15 |    30 ||    45
Dodge: Dodged            |    48 |    51 ||    99
       Rpst.: Long sword |       |    10 ||    10

Table legend:
 A = Spawn XP
 B = Non-spawn XP
 C = Spawn XP percentage of total XP
 D = Spawn monster count
 E = Non-spawn monster count
 F = Spawn count percentage of total count
 G = Total turns spent on level
                    A         B        C        D         E        F      G
               +---------+---------+-------+---------+---------+-------+---------
         Total |       0 |     258 |   0.0 |       0 |      41 |   0.0 |  3097
               +---------+---------+-------+---------+---------+-------+---------
           D:1 |       0 |      14 |   0.0 |       0 |       8 |   0.0 |   753
           D:2 |       0 |      85 |   0.0 |       0 |      20 |   0.0 |  1656
           D:3 |       0 |     159 |   0.0 |       0 |      13 |   0.0 |   688
               +---------+---------+-------+---------+---------+-------+---------
